 Dungeon Crawl Stone Soup version 0.27-a0-1590-g15f69828bf (webtiles) character file.

Game seed: 13268766474067271825

7786 Lanoc the Gelid (level 11, -15/54 HPs)
             Began as a Deep Elf Ice Elementalist on July 18, 2021.
             Was a Follower of Elyvilon.
             Demolished by a two-headed ogre (16 damage)
             ... on level 9 of the Dungeon.
             The game lasted 00:17:43 (11287 turns).

Lanoc the Gelid (Deep Elf Ice Elementalist)        Turns: 11287, Time: 00:17:43

Health: -15/54     AC: 13    Str:  5    XL:     11   Next: 1%
Magic:  7/17       EV: 16    Int: 24    God:    Elyvilon [*.....]
Gold:   517        SH:  0    Dex: 17    Spells: 9/16 levels left

rFire    + . .     SeeInvis .   y - +9 short sword of Iteidywn {protect, Contam rPois rF+ Dex+2}
rCold    . . .     Faith    .   (no shield)
rNeg     . . .     Spirit   .   A - +0 acid dragon scales
rPois    +         Reflect  .   (no helmet)
rElec    .         Harm     .   (no cloak)
rCorr    +         Rampage  .   (no gloves)
Will     +....                  (no boots)
Stlth    ++........             w - amulet of the acrobat
HPRegen  0.18/turn              (no ring)
MPRegen  0.15/turn              (no ring)

@: ice-armoured, freezing walls
A: no striking features
a: Renounce Religion, Lesser Healing, Divine Protection


You were on level 9 of the Dungeon.
You worshipped Elyvilon.
Elyvilon was aware of your devotion.
You visited 2 branches of the dungeon, and saw 10 of its levels.
You also visited: Sewer.

You collected 517 gold pieces.

Inventory:

Hand Weapons
 b - a +0 quarterstaff
 y - the +9 short sword of Iteidywn (weapon) {protect, Contam rPois rF+ Dex+2}
   (You took it off an orc on level 7 of the Dungeon)

   It grants its wielder temporary protection when it strikes (+7 to AC).
   Dex:       It affects your dexterity (+2).
   rF:        It protects you from fire.
   rPois:     It protects you from poison.
   Contam:    It causes magical contamination when unequipped.
Missiles
 c - 9 curare-tipped darts
 D - 2 throwing nets
Armour
 A - +0 acid dragon scales (worn)
Jewellery
 u - an amulet of faith
 w - an amulet of the acrobat (around neck)
Wands
 t - a wand of charming (2)
 B - a wand of flame (20)
Scrolls
 e - a scroll of immolation
 f - 3 scrolls of fear {unknown}
 g - 2 scrolls of silence
 h - a scroll of vulnerability
 k - 2 scrolls of noise {unknown}
 m - a scroll of torment {unknown}
 n - 6 scrolls of teleportation {unknown}
 o - 2 scrolls of summoning {unknown}
 p - 2 scrolls of enchant armour
 r - 2 scrolls of enchant weapon
 x - a scroll of blinking {unknown}
 C - a scroll of amnesia {unknown}
Potions
 a - 2 potions of lignification {unknown}
 d - 6 potions of curing
 i - a potion of haste
 j - 5 potions of flight
 l - 2 potions of berserk rage
 q - a potion of mutation
 s - 3 potions of might
 v - 3 potions of heal wounds {unknown}
 z - 3 potions of attraction


   Skills:
 + Level 11.7 Dodging
 - Level 2.4 Stealth
 - Level 3.0 Spellcasting
 * Level 15.0 Ice Magic


You had 9 spell levels left.
You knew the following spells:

 Your Spells              Type           Power      Damage    Failure   Level
a - Freeze                Ice            100%       1d11      1%          1
b - Frozen Ramparts       Ice            100%       1d12      1%          3
c - Ozocubu's Armour      Ice            66%        N/A       1%          3

Your spell library contained the following spells:

 Spells                   Type           Power      Damage    Failure   Level
 Hailstorm                Conj/Ice       39%        3d9       11%         4
 Conjure Flame            Conj/Fire      3%         6-21      56%         3
 Ignite Poison            Fire/Tmut/Pois 3%         N/A       56%         3
 Tukima's Dance           Hex            3%         N/A       56%         3
 Passage of Golubria      Tloc           N/A        N/A       93%         4
 Sticky Flame             Conj/Fire      3%         2d3       93%         4
 Summon Forest            Summ/Tloc      1%         N/A       100%        5
 Yara's Violent Unravell  Hex/Tmut       1%         3d3       100%        5
 Eringya's Noxious Bog    Tmut/Pois      1%         N/A       100%        6
 Summon Hydra             Summ           1%         N/A       100%        7


Dungeon Overview and Level Annotations

Branches:
Dungeon (9/15)             Temple (1/1) D:6           Sewer (visited)
   Lair: D:8-11         Orc: D:9-12

Altars:
Ashenzari
Cheibriados
Dithmenos
Elyvilon
Fedhas
Gozag
Hepliaklqana
Kikubaaqudgha
Okawaru
Qazlal
Ru
Sif Muna
Trog
Uskayaw
Vehumet
Wu Jian
Xom
Yredelemnul
Zin
The Shining One


Message History

Your Ice Magic skill increases to level 15!
Aiming: Freeze (safe; 1% risk of failure)
Press: ? - help, Q - select action, (/) - cycle Shift-Dir - straight line, f - two-headed ogre
Aim: a two-headed ogre, wielding a +0 giant spiked club and a +0 giant club (lightly wounded)
You freeze the two-headed ogre.
The two-headed ogre is lightly wounded.
The wall freezes the orc.
You kill the orc!
The wall freezes the two-headed ogre.
The two-headed ogre hits you with a +0 giant spiked club!
* * * LOW HITPOINT WARNING * * *
The two-headed ogre completely misses you.
Casting: Freeze (safe; 1% risk of failure)
Confirm with . or Enter, or press ? or * to list all spells.
Aiming: Freeze (safe; 1% risk of failure)
Press: ? - help, Shift-Dir - straight line, f/p - two-headed ogre
Aim: a two-headed ogre, wielding a +0 giant spiked club and a +0 giant club (moderately wounded)
You freeze the two-headed ogre!
The two-headed ogre is moderately wounded.
Casting: Freeze (safe; 1% risk of failure)
Confirm with . or Enter, or press ? or * to list all spells.
Aiming: Freeze (safe; 1% risk of failure)
Press: ? - help, Shift-Dir - straight line, f/p - two-headed ogre
Aim: a two-headed ogre, wielding a +0 giant spiked club and a +0 giant club (moderately wounded)
You freeze the two-headed ogre!
The two-headed ogre is heavily wounded.
The wall freezes the two-headed ogre!
The two-headed ogre hits you with a +0 giant spiked club!
* * * LOW HITPOINT WARNING * * *
The two-headed ogre completely misses you.
Casting: Freeze (safe; 1% risk of failure)
Confirm with . or Enter, or press ? or * to list all spells.
Aiming: Freeze (safe; 1% risk of failure)
Press: ? - help, Shift-Dir - straight line, f/p - two-headed ogre
Aim: a two-headed ogre, wielding a +0 giant spiked club and a +0 giant club (severely wounded)
You freeze the two-headed ogre.
The two-headed ogre is severely wounded.
The wall freezes the two-headed ogre.
The two-headed ogre hits you with a +0 giant spiked club!
You die...

...... ......
...... ### ..>...
.. ...... .#
...!..##.#.#
#<@O..# # #.#)###
.. #.#)# .. ###.#)#
#. ##...#.# #######
#.##..###..
#.....###....###
#.##
#.....##.......# ..
#.....##.#####.##.#


You could see a two-headed ogre.

Vanquished Creatures
  A hydra (D:8)
  2 two-headed ogres
  Pikel (D:6)
  Grum (D:8)
  6 yaks
  2 vampire mosquitoes (D:7)
  A steam dragon (D:7)
  An acid dragon (D:8)
  3 sky beasts
  4 orc warriors (D:8)
  A hornet zombie (D:8)
  A necrophage (D:5)
  3 ogres
  3 wolves (D:8)
  2 centaurs
  3 bullfrogs (D:8)
  A kobold brigand (D:8)
  A gnoll sergeant (D:6)
  2 wyvern zombies
  4 scorpions
  A water moccasin skeleton (D:5)
  A wyvern skeleton (D:7)
  9 wights (D:8)
  7 howler monkeys
  3 centaur zombies
  3 hounds
  6 orc priests
  3 jellies
  A centaur skeleton (D:6)
  4 iguanas
  Ijyb (D:4)
  3 orc wizards
  A hound skeleton (D:4)
  A howler monkey zombie (D:8)
  Robin (D:4)
  3 gnolls (D:6)
  A howler monkey skeleton (D:7)
  12 adders
  A shadow imp (D:7)
  3 white imps
  An adder skeleton (D:5)
  4 worms
  A dart slug (D:2)
  21 orcs
  8 ball pythons
  10 bats
  8 endoplasms
  A giant cockroach (D:3)
  11 goblins
  10 hobgoblins
  14 jackals
  7 quokkas
  6 frilled lizards
  6 kobolds
  5 rats
221 creatures vanquished.

Vanquished Creatures (others)
  An endoplasm (D:1)
1 creature vanquished.

Grand Total: 222 creatures vanquished

Notes
Turn   | Place    | Note
-------+----------+-------------------------------------------
     0 | D:1      | Lanoc the Deep Elf Ice Elementalist began the quest for the
                  | Orb.
     0 | D:1      | Reached XP level 1. HP: 10/10 MP: 6/6
    42 | D:1      | Found a faded altar of an unknown god.
   434 | D:1      | Reached XP level 2. HP: 15/15 MP: 4/8
  1008 | D:2      | Reached skill level 5 in Ice Magic
  1452 | D:2      | Reached XP level 3. HP: 19/19 MP: 6/9
  1456 | D:2      | Learned a level 3 spell: Frozen Ramparts
  1460 | D:2      | Learned a level 3 spell: Ozocubu's Armour
  2184 | D:2      | Reached XP level 4. HP: 16/24 MP: 8/10
  2520 | D:3      | Noticed an ice beast
  2659 | D:3      | Found a glowing golden altar of the Shining One.
  2727 | D:3      | Reached skill level 6 in Ice Magic
  2730 | D:3      | Reached XP level 5. HP: 5/28 MP: 3/11
  3617 | D:4      | Noticed Robin
  3617 | D:4      | Noticed an ogre
  3631 | D:4      | Killed Robin
  3632 | D:4      | Killed an ogre
  3633 | D:4      | Reached skill level 7 in Ice Magic
  3633 | D:4      | Reached XP level 6. HP: 22/32 MP: 6/12
  3696 | D:4      | Found a glowing drain.
  3708 | Sewer    | Entered a sewer
  4471 | D:4      | Reached skill level 5 in Dodging
  4513 | D:4      | Noticed Ijyb
  4524 | D:4      | Killed Ijyb
  5019 | D:4      | Reached skill level 8 in Ice Magic
  5019 | D:4      | Reached XP level 7. HP: 36/36 MP: 8/13
  5193 | D:5      | Entered Level 5 of the Dungeon
  6112 | D:5      | Reached skill level 9 in Ice Magic
  6364 | D:5      | Reached XP level 8. HP: 34/41 MP: 10/14
  6855 | D:6      | Reached skill level 10 in Ice Magic
  7278 | D:6      | Found a staircase to the Ecumenical Temple.
  7303 | Temple   | Entered the Ecumenical Temple
  7398 | Temple   | Became a worshipper of Elyvilon the Healer
  7521 | D:6      | Reached skill level 11 in Ice Magic
  7625 | D:6      | Noticed Pikel
  7634 | D:6      | Killed Pikel
  7635 | D:6      | Reached XP level 9. HP: 42/45 MP: 8/15
  7826 | D:7      | Elyvilon protects you from harm!
  8134 | D:7      | Reached skill level 12 in Ice Magic
  8334 | D:7      | Noticed a two-headed ogre
  8345 | D:7      | Killed a two-headed ogre
  8536 | D:7      | Reached skill level 10 in Dodging
  8649 | D:7      | Reached skill level 13 in Ice Magic
  8714 | D:7      | Identified the +9 short sword of Iteidywn {protect, Contam
                  | rPois rF+ Dex+2}
  8937 | D:7      | Reached XP level 10. HP: 41/50 MP: 9/16
  9050 | D:7      | Reached * piety under Elyvilon
  9317 | D:8      | Noticed Grum
  9327 | D:8      | Killed Grum
  9589 | D:8      | Noticed an eight-headed hydra
  9740 | D:8      | Noticed a two-headed ogre
  9750 | D:8      | Killed a two-headed ogre
  9751 | D:8      | Reached skill level 14 in Ice Magic
  9848 | D:8      | Killed an eight-headed hydra
 11019 | D:8      | Found a stormy altar of Qazlal.
 11112 | D:8      | Found an ornate altar of the Wu Jian Council.
 11117 | D:8      | Found an iron altar of Okawaru.
 11166 | D:9      | Reached XP level 11. HP: 52/54 MP: 11/17
 11280 | D:9      | Noticed a two-headed ogre
 11284 | D:9      | Reached skill level 15 in Ice Magic
 11286 | D:9      | HP: 1/54 [two-headed ogre (7)]
 11287 | D:9      | Demolished by a two-headed ogre

Illustrated notes

Levels and vault maps discovered:
D:1:      minmay_arrival_nine_rooms, layout_loops_ring,
          hellmonk_ecumenical_altar_run_dry, minmay_misc_feat_doors,
          lemuel_flame_loot_1
D:2:      kb_forest_paths, layout_loops_ring, columned_hall_lemuel,
          chequers_avenue
D:3:      layout_basic, nicolae_tso_swordbearing_angel, grunt_ministairs_5
D:4:      layout_loops_cross, portal_sewer_entry_d, uniq_ijyb, uniq_robin
D:5:      layout_gridville
D:6:      layout_basic, minmay_temple_entry_waves,
          minmay_misc_feat_more_columns, uniq_pikel
D:7:      layout_rooms
D:8:      minmay_recursive_quarters, layout_rooms,
          grunt_temple_overflow_diamond, st_stairs_14, uniq_grum
D:9:      layout_rooms, bloody_makhleb, serial_shops, shop
Temple:   kb_temple_of_zot

Skill      XL: |  1  2  3  4  5  6  7  8  9 10 11 |
---------------+----------------------------------+-----
Dodging        | 3 4 5 6 8 10 11 | 11.7
Ice Magic      | 5 6 7 8 9 11 13 14 15 | 15.0
Stealth        | |  2.4
Spellcasting   | |  3.0

Action                   |  1- 3 |  4- 6 |  7- 9 | 10-12 || total
-------------------------+-------+-------+-------+-------++-------
Melee: Quarterstaff      |    13 |    37 |   102 |       ||   152
       Short sword       |       |       |    16 |   105 ||   121
 Cast: Freeze            |    47 |    28 |    34 |    20 ||   129
       Frozen Ramparts   |     2 |    25 |    36 |    21 ||    84
       Ozocubu's Armour  |       |       |     2 |     9 ||    11
  Use: Scroll            |       |    10 |     4 |       ||    14
       Potion            |       |     2 |     1 |       ||     3
 Stab: Sleeping          |     1 |     1 |       |     1 ||     3
Armor: Robe              |     8 |    10 |    18 |    10 ||    46
       Acid dragon scale |       |       |       |    27 ||    27
Dodge: Dodged            |    26 |    61 |   174 |   154 ||   415

Table legend: (Time is in decaauts)
 A = Elapsed time spent in this place.
 B = Non-inter-level travel time spent in this place.
 C = Inter-level travel time spent in this place.
 D = Time resting spent in this place.
 E = Time spent auto-exploring this place.
 F = Levels seen in this place.
 G = Mean time per level.
                   A        B        C        D        E       F      G
               +--------+--------+--------+--------+--------+-----+--------+
         Total |  11476 |  11114 |    362 |    104 |   9359 |  11 | 1043.3 |
       Dungeon |  10645 |  10291 |    354 |    104 |   8762 |   9 | 1182.8 |
        Temple |    101 |     93 |      8 |      0 |     91 |   1 |  101.0 |
         Sewer |    729 |    729 |      0 |      0 |    505 |   1 |  729.0 |
               +--------+--------+--------+--------+--------+-----+--------+

Top non-repeatable levels by time:
     D:8: 1843 daAuts
     D:5: 1532 daAuts
     D:7: 1515 daAuts
     D:2: 1341 daAuts
     D:3: 1262 daAuts
     D:4: 1020 daAuts
     D:6: 1017 daAuts
     D:1: 973 daAuts
   Sewer: 729 daAuts
     D:9: 138 daAuts
  Temple: 101 daAuts
